 Dungeon Crawl Stone Soup version 0.31-a0-66-ge618eeaa78 (webtiles) character file.

Game seed: 1506434844665582684

8218 Strat the Slicer (level 11, 0/69 HPs)
             Began as a Kobold Brigand on May 22, 2023.
             Was an Elder of Uskayaw.
             Slain by a yak (14 damage)
             ... on level 10 of the Dungeon.
             The game lasted 00:18:08 (12594 turns).

Strat the Slicer (Kobold Brigand)                  Turns: 12594, Time: 00:18:09

Health: 0/69       AC:  6    Str: 15    XL:     11   Next: 51%
Magic:  11/11      EV: 21    Int: 12    God:    Uskayaw [****..]
Gold:   452        SH:  0    Dex: 21    Spells: 8/10 levels left

rFire   . . .        b - +0 dagger (elec)
rCold   . . .        (no shield)
rNeg    . . .        n - +0 robe
rPois   .            l - +0 helmet
rElec   .            c - +0 cloak
rCorr   .            h - +1 pair of gloves
SInv    .            (no boots)
Will    .....        (no amulet)
Stlth   ++++++       j - +6 ring of strength
HPRegen 0.31/turn    (no ring)
MPRegen 0.12/turn

%: no passive effects
@: no status effects
A: small, no large weapons, nightstalker 3
a: Renounce Religion, Stomp, Line Pass


You were on level 10 of the Dungeon.
You worshipped Uskayaw.
Uskayaw was noncommittal.
You visited 2 branches of the dungeon, and saw 11 of its levels.
You also visited: Ossuary.

You collected 452 gold pieces.

Inventory:

Hand Weapons
 a - a +3 dagger of venom
 b - a +0 dagger of electrocution (weapon)
 f - a +0 rapier
 C - a +3 short sword
Missiles
 d - 54 poisoned darts (quivered)
 e - 3 curare-tipped darts
Armour
 c - a +0 cloak (worn)
 h - a +1 pair of gloves (worn)
 l - a +0 helmet (worn)
 n - a +0 robe (worn)
Jewellery
 j - a +6 ring of strength (left hand)
 k - an amulet of reflection
 H - a ring of flight
 J - the ring of the Voivode {Fire rN+ Str+2 Slay+2}
   (You found it on level 9 of the Dungeon)

   [ring of fire]

   It enhances your fire magic.
   Str:       It affects your strength (+2).
   Slay:      It affects your accuracy & damage with ranged weapons and melee
   (+2).
   rF:        It protects you from fire.
   rC:        It makes you vulnerable to cold.
   rN:        It protects you from negative energy.
Wands
 s - a wand of quicksilver (7)
 u - a wand of polymorph (11)
 v - a wand of charming (21)
 w - a wand of digging (4)
 z - a wand of roots (12)
Scrolls
 m - 10 scrolls of teleportation
 r - 2 scrolls of immolation
 D - a scroll of enchant weapon
 E - a scroll of fog
 K - 4 scrolls of identify
Potions
 g - 3 potions of brilliance
 i - 4 potions of curing
 o - 2 potions of ambrosia {unknown}
 p - 2 potions of enlightenment {unknown}
 q - 3 potions of lignification
 t - 2 potions of might {unknown}
 x - 2 potions of mutation {unknown}
 A - a potion of berserk rage {unknown}
 B - 5 potions of attraction {unknown}
 F - 2 potions of heal wounds
 G - a potion of haste {unknown}
 L - 2 potions of resistance {unknown}
Miscellaneous
 I - a phantom mirror


   Skills:
 + Level 8.5 Fighting
 * Level 13.7 Short Blades
 - Level 5.0 Throwing
 + Level 9.1 Dodging
 - Level 12.0 Stealth


You had 8 spell levels left.
You knew the following spells:

 Your Spells              Type           Power      Damage    Failure   Level
a - Ensorcelled Hibernat  Hex/Ice        0%         N/A       45%         2

Your spell library contained the following spells:

 Spells                   Type           Power      Damage    Failure   Level
 Summon Small Mammal      Summ           0%         N/A       32%         1
 Call Canine Familiar     Summ           0%         N/A       69%         3
 Spider Form              Tmut/Pois      0%         N/A       69%         3
 Summon Guardian Golem    Hex/Summ       0%         N/A       69%         3
 Anguish                  Hex/Necr       0%         N/A       97%         4


Dungeon Overview and Level Annotations

Branches:
Dungeon (10/15)            Temple (1/1) D:4            Lair (0/5) D:10
Ossuary (visited)
    Orc: D:9-12

Altars:
Elyvilon
Fedhas
Gozag
Hepliaklqana
Kikubaaqudgha
Makhleb
Nemelex Xobeh
Okawaru
Ru
Sif Muna
Trog
Uskayaw
Wu Jian
Yredelemnul
Zin

Annotations:
D:6 1 runed translucent door


Innate Abilities, Weirdness & Mutations

You are small and have problems with some larger weapons.
You are completely attuned to the shadows.


Message History

You stick the yak like a pincushion!!!!
You kill the yak!
The yak is no longer paralysed.
The yak misses you.
You see here a yak corpse.
You hit the yak.
The yak is lightly wounded.
You hit the yak but do no damage.
The yak is lightly wounded.
The yak gores you!
* * * LOW HITPOINT WARNING * * *
You hit the yak.
The yak is moderately wounded.
Uskayaw will force your foes to share their pain.
You barely miss the yak.
The yak is moderately wounded.
The yak barely misses you.
You hit the yak. Lightning courses through the yak!
The yak is heavily wounded.
You hit the yak but do no damage. You punch the yak, but do no damage.
The yak is heavily wounded.
The yak gores you!
* * * LOW HITPOINT WARNING * * *
You hit the yak but do no damage.
The yak is heavily wounded.
You barely miss the yak.
The yak is heavily wounded.
The yak gores you.
* * * LOW HITPOINT WARNING * * *
You closely miss the yak.
The yak is heavily wounded.
You hit the yak but do no damage. Lightning courses through the yak!
The yak is almost dead.
The yak gores you!
* * * LOW HITPOINT WARNING * * *
You hit the yak but do no damage.
The yak is almost dead.
You hit the yak but do no damage.
The yak is almost dead.
The yak gores you!
You die...

#...##.###..........**
#>..##)# ###........,***
#...##.# #........,,,,
#####..# #........,***
##.## #.......,,*
#########..# *##..,,,,,,,*
#.........## *...,,,,,,,**
#..)}.....#####.#,,,,,>,,,*
#.........#Y@.?.#,,,,,,,,,*
#...).......#####,,,,,,,,,*
#.........### *,,,,,,,,,*
#.........# *,,,,,,,,,*
*.........# **,,,,,,,**
*****###### **,,,,,**
*******


You could see a yak.

Vanquished Creatures
  A two-headed ogre (D:9)
  A cyclops (D:10)
  A kobold demonologist (D:10)
  2 shadows
  2 wyverns
  13 yaks
  Grum (D:10)
  3 steam dragons
  An acid dragon (D:6)
  2 water moccasins
  5 orc warriors
  An ice beast (D:8)
  A sky beast (D:8)
  2 wolves (D:10)
  An ogre (D:6)
  2 centaurs
  3 phantoms
  2 kobold brigands
  A bullfrog (D:9)
  A gnoll sergeant (D:9)
  2 scorpions
  An elf zombie (Ossuary)
  7 wights
  6 killer bees (D:9)
  A howler monkey (D:10)
  2 centaur zombies (Ossuary)
  A gnoll bouda (D:6)
  3 hounds
  3 jellies
  6 orc priests
  A sleepcap (D:7)
  5 iguanas
  8 orc wizards
  6 hound zombies (Ossuary)
  4 mummies
  12 gnolls
  6 adders
  A white imp (D:7)
  4 adder zombies (Ossuary)
  2 worms
  3 dart slugs
  39 orcs
  8 ball pythons
  4 endoplasms
  A giant cockroach (D:1)
  2 gnoll zombies (Ossuary)
  6 goblins
  4 hobgoblins
  3 jackals (D:5)
  3 quokkas
  7 bats
  3 frilled lizards
  5 goblin zombies (Ossuary)
  3 hobgoblin zombies (Ossuary)
  4 jackal zombies (Ossuary)
  15 kobolds
  4 kobold zombies
  A quokka zombie (Ossuary)
  5 rats
  A rat zombie (Ossuary)
248 creatures vanquished.

Vanquished Creatures (others)
  A wizard (D:8)
  A quokka (D:8)
2 creatures vanquished.

Grand Total: 250 creatures vanquished

Notes
Turn   | Place    | Note
-------+----------+-------------------------------------------
     0 | D:1      | Strat the Kobold Brigand began the quest for the Orb.
     0 | D:1      | Reached XP level 1. HP: 12/12 MP: 1/1
    77 | D:1      | Reached XP level 2. HP: 13/17 MP: 2/2
   108 | D:1      | Reached skill level 3 in Short Blades
   243 | D:1      | Found a faded altar of an unknown god.
   510 | D:1      | Reached XP level 3. HP: 19/22 MP: 3/3
   992 | D:2      | Reached XP level 4. HP: 27/27 MP: 4/4
  1202 | D:2      | Found an iron altar of Okawaru.
  1839 | D:3      | Found an iron altar of Okawaru.
  1914 | D:3      | Found a shimmering blue altar of Sif Muna.
  1937 | D:3      | Found an opulent altar of Gozag.
  2284 | D:3      | Found a sparkling altar of Nemelex Xobeh.
  2457 | D:4      | Reached skill level 4 in Short Blades
  2457 | D:4      | Reached XP level 5. HP: 32/32 MP: 5/5
  2615 | D:4      | Found a sand-covered staircase.
  2654 | Ossuary  | Entered an ossuary
  2764 | Ossuary  | Reached XP level 6. HP: 33/37 MP: 6/6
  2955 | Ossuary  | Reached skill level 5 in Short Blades
  3140 | Ossuary  | Reached XP level 7. HP: 39/41 MP: 7/7
  3714 | D:4      | Reached skill level 6 in Short Blades
  3849 | D:4      | Noticed a water moccasin
  3853 | D:4      | Killed a water moccasin
  3854 | D:4      | Reached XP level 8. HP: 48/48 MP: 8/8
  4119 | D:4      | Found a staircase to the Ecumenical Temple.
  4130 | Temple   | Entered the Ecumenical Temple
  4137 | Temple   | Became a worshipper of Uskayaw the Reveller
  4238 | D:4      | Learned a level 2 spell: Ensorcelled Hibernation
  4351 | D:5      | Entered Level 5 of the Dungeon
  4353 | D:5      | Reached * piety under Uskayaw
  4480 | D:5      | Found a basalt altar of Yredelemnul.
  4497 | D:5      | Reached ** piety under Uskayaw
  4505 | D:5      | Reached *** piety under Uskayaw
  4617 | D:5      | Reached skill level 7 in Short Blades
  5433 | D:6      | Found a runed translucent door.
  5662 | D:6      | Reached XP level 9. HP: 53/53 MP: 9/9
  5794 | D:6      | Reached skill level 5 in Fighting
  5794 | D:6      | Reached skill level 5 in Throwing
  5964 | D:6      | HP: 1/54 [acid dragon/splash of acid (28)]
  5966 | D:6      | Reached skill level 8 in Short Blades
  6385 | D:6      | Reached skill level 10 in Stealth
  6520 | D:6      | Reached skill level 5 in Dodging
  7069 | D:7      | Reached skill level 9 in Short Blades
  7080 | D:7      | Reached **** piety under Uskayaw
  8215 | D:8      | Found a glowing silver altar of Zin.
  8478 | D:8      | Reached XP level 10. HP: 60/60 MP: 10/10
  8784 | D:8      | Found a white marble altar of Elyvilon.
  8809 | D:8      | Reached skill level 10 in Short Blades
  9222 | D:8      | Found a bloodstained altar of Trog.
  9225 | D:8      | Noticed a wizard
  9238 | D:8      | Killed a wizard
  9590 | D:9      | Noticed a two-headed ogre
  9616 | D:9      | Killed a two-headed ogre
  9946 | D:9      | Identified the ring of the Voivode {Fire rN+ Str+2 Slay+2}
 10012 | D:9      | Identified the +4 trident of the Gloaming {holy, rC+ Will+
                  | Dex+3 Stlth+}
 10149 | D:9      | Reached skill level 11 in Short Blades
 10697 | D:9      | Reached skill level 12 in Short Blades
 10969 | D:9      | Found a hazy altar of Hepliaklqana.
 11094 | D:9      | Reached XP level 11. HP: 64/67 MP: 11/11
 11478 | D:10     | Entered Level 10 of the Dungeon
 11601 | D:10     | Identified the +1 pair of boots of the Other Side {Str+6}
 11633 | D:10     | Found a sacrificial altar of Ru.
 11711 | D:10     | Noticed Grum
 11885 | D:10     | Reached ***** piety under Uskayaw
 11893 | D:10     | Reached skill level 13 in Short Blades
 12061 | D:10     | Killed Grum
 12291 | D:10     | Noticed a cyclops
 12354 | D:10     | Killed a cyclops
 12437 | D:10     | Noticed a two-headed ogre
 12594 | D:10     | Slain by a yak

Illustrated notes

Levels and vault maps discovered:
D:1:      psy_arrival_dodecagon, layout_loops_ring,
          shapermc_ecumenical_altar_acropolis
D:2:      layout_loops_ring, basic_altar, serial_park_tiny_pond
D:3:      layout_loops_cross, mainiacjoe_overflow_cross_hatched,
          nemelex_diamond_rough_becter, overflow_temple_1_default,
          mainiacjoe_overflow_tiny_flanked
D:4:      layout_basic, minmay_temple_entry_fiery, nicolae_ossuary_entry_giza
D:5:      layout_rooms, nicolae_overflow_crystal_walls, minmay_misc_feat_chi,
          st_stairs_8
D:6:      layout_loops_corners, ebering_ghost_reflecting_pool,
          kennysheep_generic_room_10
D:7:      nicolae_BIG_FREAKIN_CUBE, layout_basic, enter_bailey_3
D:8:      layout_basic, amcnicky_altar_gilded, elyvilon_altar_4, trog_wizard
D:9:      layout_irregular_city, old_standard_altar,
          chequers_serial_rivers_large_b, minmay_misc_feat_iff
D:10:     layout_rooms, mainiacjoe_overflow_alcove_4, lair_entry_dummy,
          chequers_serial_rivers_micro_d, minmay_chambers_of_fives, uniq_grum
Temple:   nicolae_temple_bog_church

Skill      XL: |  1  2  3  4  5  6  7  8  9 10 11 |
---------------+----------------------------------+-----
Short Blades   | 3 4 5 6 7 9 12 13 | 13.7
Stealth        | 6 7 8 9 11 12 | 12.0
Dodging        | 2 3 4 5 7 9 |  9.1
Fighting       | 3 4 6 7 8 |  8.5
Throwing       | 3 4 5 |  5.0

Action                     |  1- 3 |  4- 6 |  7- 9 | 10-12 || total
---------------------------+-------+-------+-------+-------++-------
  Melee: Dagger            |    60 |   148 |   386 |   312 ||   906
         Punch             |       |     3 |     6 |     4 ||    13
  Evoke: Wand              |       |     3 |     6 |     3 ||    12
    Use: Potion            |       |     1 |     5 |       ||     6
         Scroll            |       |       |    11 |     4 ||    15
   Stab: Sleeping          |    19 |    26 |    32 |     8 ||    85
         Distracted        |       |       |     3 |     6 ||     9
         Paralysed         |       |       |     2 |    10 ||    12
 Armour: Robe              |     6 |    23 |    52 |    24 ||   105
  Dodge: Dodged            |    21 |    93 |   239 |   195 ||   548

Table legend: (Time is in decaauts)
 A = Elapsed time spent in this place.
 B = Non-inter-level travel time spent in this place.
 C = Inter-level travel time spent in this place.
 D = Time resting spent in this place.
 E = Time spent auto-exploring this place.
 F = Levels seen in this place.
 G = Mean time per level.
                   A        B        C        D        E       F      G
               +--------+--------+--------+--------+--------+-----+--------+
         Total |  12266 |  11991 |    275 |   2112 |   7736 |  12 | 1022.2 |
       Dungeon |  11717 |  11446 |    271 |   2020 |   7587 |  10 | 1171.7 |
        Temple |     12 |      8 |      4 |      0 |      2 |   1 |   12.0 |
       Ossuary |    535 |    535 |      0 |     92 |    147 |   1 |  535.0 |
               +--------+--------+--------+--------+--------+-----+--------+

Top non-repeatable levels by time:
     D:9: 1969 daAuts
     D:6: 1745 daAuts
     D:4: 1484 daAuts
     D:8: 1362 daAuts
     D:7: 1113 daAuts
    D:10: 919 daAuts
     D:1: 849 daAuts
     D:2: 799 daAuts
     D:5: 753 daAuts
     D:3: 720 daAuts
 Ossuary: 535 daAuts
  Temple: 12 daAuts
